 Dungeon Crawl Stone Soup version 0.29-a0-330-g52719c12eb (webtiles) character file.

Game seed: 15867789281912726704

50 Gwenloh the Skirmisher (level 3, 0/33 HPs)
             Began as a Minotaur Fighter on May 29, 2022.
             Slain by Grinder (4 damage)
             ... while paralysed by Grinder
             ... on level 3 of the Dungeon.
             The game lasted 00:02:59 (1134 turns).

Gwenloh the Skirmisher (Minotaur Fighter)           Turns: 1134, Time: 00:02:59

Health: 0/33       AC:  8    Str: 20    XL:     3   Next: 55%
Magic:  2/2        EV:  2    Int:  5    God:
Gold:   61         SH:  0    Dex: 11    Spells: 2/2 levels left

rFire   . . .      SeeInvis .   a - +0 war axe
rCold   . . .      Faith    .   c - +0 buckler
rNeg    . . .      Spirit   .   b - +0 scale mail
rPois   .          Reflect  +   (helmet restricted)
rElec   .          Harm     .   (no cloak)
rCorr   .          Rampage  .   (no gloves)
Will    .....                   l - +0 pair of boots
Stlth   ..........              h - amulet of reflection
HPRegen 0.11/turn               (no ring)
MPRegen 0.08/turn               (no ring)

@: paralysed
A: horns 2, retaliatory headbutt
a: no special abilities


You were on level 3 of the Dungeon.
You visited 1 branch of the dungeon, and saw 3 of its levels.

You collected 61 gold pieces.

Inventory:

Hand Weapons
 a - a +0 war axe (weapon)
Missiles
 s - 23 stones (quivered)
 v - 5 javelins
Armour
 b - a +0 scale mail (worn)
 c - a +0 buckler (worn)
 l - a +0 pair of boots (worn)
Jewellery
 h - an amulet of reflection (around neck)
 p - a ring of fire
Scrolls
 e - 3 scrolls of noise {unknown}
 g - 2 scrolls of identify {unknown}
 i - a scroll of teleportation {unknown}
 k - a scroll of fog {unknown}
 n - a scroll of vulnerability {unknown}
 o - a scroll of brand weapon {unknown}
 t - a scroll of magic mapping {unknown}
 w - a scroll of amnesia {unknown}
Potions
 d - 2 potions of might
 f - a potion of haste {unknown}
 j - a potion of cancellation {unknown}
 m - a potion of heal wounds {unknown}
 q - a potion of flight {unknown}
 r - a potion of ambrosia {unknown}
 u - a potion of curing {unknown}


   Skills:
 + Level 4.1 Fighting
 + Level 3.0 Axes
 + Level 4.1 Armour
 + Level 1.2 Dodging
 + Level 4.1 Shields


You had 2 spell levels left.
You didn't know any spells.
Your spell library was empty.

Dungeon Overview and Level Annotations

Branches:
Dungeon (3/15)

Altars:
Hepliaklqana

Annotations:
D:3 Grinder


Innate Abilities, Weirdness & Mutations

You have a pair of horns on your head.
You reflexively headbutt those who attack you in melee.


Message History

You throw a stone. The stone hits the goblin.
You kill the goblin!
No target in view!
No target in view!
s - 17 stones (gained 1)
s - 18 stones (gained 1)
s - 19 stones (gained 1)
You see here a +0 club.
s - 20 stones (gained 1)
s - 21 stones (gained 1)
s - 23 stones (gained 2)
You open the door.
There is an open door here.
Grinder comes into view.
Found a stone staircase leading down.
Grinder shouts!
Grinder gestures at you.
You suddenly lose the ability to move!
Grinder gestures at you. Pain shoots through your body!
Grinder gestures at you.
You shrug off the repeated paralysis!
Grinder blinks!
You can move again.
Grinder says, "You look like you could use a good racking."
You block Grinder's attack.
You closely miss Grinder.
Grinder blinks!
There is an open door here.
You close the door.
You start resting.
Grinder opens the door.
Grinder gestures at you.
You suddenly lose the ability to move!
Grinder barely misses you. Grinder hits you. Grinder hits you!
Grinder hits you.
* * * LOW HITPOINT WARNING * * *
Grinder hits you.
You die...

##+## ## ##...## .##
##.....## ..#
##.......###.#######
#.........##.......>
+........5@.........
#....)....##.#....##
##.......###.# ..##
#####.....## #.# .#
.........## #.. .. #
######.### ### ##
###.#........#
........##.#.#
###........#.#


You could see Grinder.

Vanquished Creatures
  An adder (D:2)
  A worm (D:3)
  A dart slug (D:2)
  2 ball pythons (D:1)
  5 endoplasms
  2 goblins
  2 hobgoblins
  2 jackals (D:2)
  3 quokkas
  4 bats
  A frilled lizard (D:2)
  6 kobolds
  3 rats
33 creatures vanquished.

Notes
Turn   | Place    | Note
-------+----------+-------------------------------------------
     0 | D:1      | Gwenloh the Minotaur Fighter began the quest for the Orb.
     0 | D:1      | Reached XP level 1. HP: 19/19 MP: 0/0
    62 | D:1      | Found a faded altar of an unknown god.
   317 | D:1      | Reached XP level 2. HP: 27/27 MP: 1/1
   611 | D:2      | Reached skill level 1 in Dodging
   611 | D:2      | Reached XP level 3. HP: 22/33 MP: 2/2
   824 | D:2      | Found a hazy altar of Hepliaklqana.
  1116 | D:3      | Noticed Grinder
  1116 | D:3      | Paralysed by Grinder for 6 turns
  1129 | D:3      | Paralysed by Grinder for 6 turns
  1134 | D:3      | Slain by Grinder

Illustrated notes

Levels and vault maps discovered:
D:1:      grunt_arrival_lava_bath, layout_rooms,
          hellmonk_ecumenical_altar_lost_god
D:2:      layout_rooms, basic_altar
D:3:      layout_loops_corners, zin_treasury, minmay_misc_feat_five,
          uniq_grinder

Skill      XL: |  1  2  3 |
---------------+----------+-----
Fighting       | 4 |  4.1
Armour         | 4 |  4.1
Dodging        | 1 |  1.2
Shields        | 4 |  4.1
Axes           | 3 |  3.0

Action                   || total
-------------------------++-------
Melee: War axe           ||    54
       Headbutt          ||    11
Throw: Stone             ||    40
Armor: Scale mail        ||    22
Dodge: Dodged            ||    20
Block: Buckler           ||    23
       Reflection        ||     1

Table legend: (Time is in decaauts)
 A = Elapsed time spent in this place.
 B = Non-inter-level travel time spent in this place.
 C = Inter-level travel time spent in this place.
 D = Time resting spent in this place.
 E = Time spent auto-exploring this place.
 F = Levels seen in this place.
 G = Mean time per level.
                   A        B        C        D        E       F      G
               +--------+--------+--------+--------+--------+-----+--------+
         Total |   1159 |   1097 |     62 |      2 |    817 |   3 |  386.3 |
       Dungeon |   1159 |   1097 |     62 |      2 |    817 |   3 |  386.3 |
               +--------+--------+--------+--------+--------+-----+--------+

Top non-repeatable levels by time:
     D:1: 553 daAuts
     D:2: 518 daAuts
     D:3: 87 daAuts
